 Dungeon Crawl Stone Soup version 0.24.0-37-gcf1ca852f1 (webtiles) character file.

Game seed: 17854362286085605411, levelgen mode: deterministic

25468 Mrkan the Blocker (level 12, -15/101 HPs)
             Began as a Minotaur Fighter on Nov 30, 2019.
             Was a High Priest of Hepliaklqana.
             Splashed by a deep elf sorcerer's acid (19 damage)
             ... on level 1 of the Abyss.
             The game lasted 00:24:55 (12897 turns).

Mrkan the Blocker (Minotaur Fighter)               Turns: 12897, Time: 00:24:57

Health: -15/101    AC: 15    Str: 26    XL:     12   Next: 89%
Magic:  11/11      EV:  7    Int:  6    God:    Hepliaklqana [*****.]
Gold:   818        SH: 15    Dex: 13    Spells: 11/11 levels left

rFire    + . .     SeeInvis .   H - +10 spear "Vaoblav" {drain, +Fly MR+}
rCold    . . .     Gourm    .   c - +1 shield
rNeg     . . .     Faith    .   P - +0 plate armour
rPois    .         Spirit   .   (helmet restricted)
rElec    .         Reflect  .   (no cloak)
rCorr    .         Harm     .   O - +1 pair of gloves
MR       +....                  k - +0 pair of boots
Stlth    ..........             (no amulet)
HPRegen  0.26/turn              x - +4 ring of strength
MPRegen  0.12/turn              N - ring of protection from fire

@: liquid flames, corroded, glowing
A: retaliatory headbutt, reduced essence, horns 2
a: Recall Ancestor, Ancestor Identity, Transference, Idealise, Renounce
Religion, Evoke Flight


You were on level 1 of the Abyss.
You worshipped Hepliaklqana.
Hepliaklqana was extremely pleased with you.
You were not hungry.

You visited 2 branches of the dungeon, and saw 15 of its levels.
You visited the Abyss 1 time.
You also visited: Sewer and Ossuary.

You collected 818 gold pieces.

Inventory:

Hand Weapons
 a - a +1 war axe
 A - a +0 broad axe
 H - the +10 spear "Vaoblav" (weapon) {drain, +Fly MR+}
   (You found it on level 4 of the Dungeon)

   A truly terrible weapon, it drains the life of those it strikes.
   It affects your resistance to hostile enchantments.
   It lets you fly.
Armour
 c - a +1 shield (worn)
 k - a +0 pair of boots (worn)
 O - a +1 pair of gloves (worn)
 P - a +0 plate armour (worn)
Jewellery
 o - an uncursed ring of wizardry
 v - an uncursed ring of resist corrosion
 x - a +4 ring of strength (left hand)
 y - an uncursed ring of ice {unknown}
 I - a cursed amulet of inaccuracy {unknown}
 K - an uncursed ring of positive energy {unknown}
 N - a ring of protection from fire (right hand)
Wands
 h - a wand of iceblast (16)
 u - a wand of random effects (20)
 F - a wand of disintegration (18)
Scrolls
 b - a scroll of fear
 g - a scroll of blinking
 i - 12 scrolls of teleportation
 n - 5 scrolls of identify
 p - 10 scrolls of remove curse
 q - a scroll of immolation
 E - a scroll of enchant weapon
 G - 2 scrolls of amnesia
 L - a scroll of brand weapon {unknown}
Potions
 d - 7 potions of might
 e - a potion of flight {unknown}
 j - 2 potions of agility
 l - 2 potions of berserk rage
 m - 8 potions of curing
 r - a potion of lignification {unknown}
 s - 3 potions of heal wounds
 t - 4 potions of mutation
 w - 2 potions of resistance
 z - 2 potions of magic
 B - 4 potions of brilliance
 C - 2 potions of degeneration
 D - 4 potions of haste
 J - a potion of cancellation {unknown}
Comestibles
 f - 30 rations


   Skills:
 + Level 12.8 Fighting
 - Level 7.9(10.6) Axes
 - Level 11.2(12.1) Polearms
 + Level 12.7 Armour
 * Level 13.9 Shields


You had 11 spell levels left.
You didn't know any spells.
Your spell library contained the following spells:

 Spells                   Type           Power        Failure   Level  Hunger
 Magic Dart               Conj           #...         99%         1    ##.....
 Summon Small Mammal      Summ           #...         99%         1    ##.....
 Call Imp                 Summ           #.......     100%        2    ###....
 Searing Ray              Conj           #.....       100%        2    ###....
 Call Canine Familiar     Summ           #.......     100%        3    ####...
 Dazzling Spray           Conj/Hex       #.....       100%        3    ####...
 Summon Guardian Golem    Hex/Summ       #.......     100%        3    ####...
 Force Lance              Conj/Tloc      #.......     100%        4    #####..
 Fulminant Prism          Conj/Hex       #.........   100%        4    #####..
 Iskenderun's Mystic Bla  Conj           #.......     100%        4    #####..
 Summon Ice Beast         Ice/Summ       #.......     100%        4    #####..
 Summon Lightning Spire   Summ/Air       #.......     100%        4    #####..


Dungeon Overview and Level Annotations

Branches:
Dungeon (12/15)            Temple (0/1) D:7            Lair (3/6) D:9
  Snake (0/4) Lair:2          Orc (0/2) D:10          Sewer (visited)
Ossuary (visited)
  Swamp: Lair:2-4    Shoals: Lair:2-4

Altars:
Cheibriados
Dithmenos
Gozag
Hepliaklqana
Trog
Yredelemnul
Zin

Annotations:
D:3 1 runed translucent door, mrkaede's ghost, amateur GnSk
D:10 3 runed translucent doors, infcreate's ghost, journeyman DECj
Lair:3 Sonja


Innate Abilities, Weirdness & Mutations

You reflexively headbutt those who attack you in melee.
You have a pair of horns on your head.
Your life essence is reduced to manifest your ancestor. (-10% HP)


Message History

You puncture the thrashing horror!
The thrashing horror is almost destroyed.
The thrashing horror churns violently!
The thrashing horror seems to grow stronger.
The thrashing horror tramples you!
* * * LOW HITPOINT WARNING * * *
You stumble backwards!
You impale the thrashing horror!!
You destroy the thrashing horror!
The smoke demon hits you but does no damage. x3
The smoke demon gestures at you.
The sticky flame hits you but does no damage.
You are covered in liquid flames!
You are covered in liquid flames!
* * * LOW HITPOINT WARNING * * *
The deep elf sorcerer points at you and mumbles some strange words.
The bolt of acid hits you!!
* * * LOW HITPOINT WARNING * * *
The acid corrodes you!
You are splashed with acid!!
You die...

#. ..#. # .# #..#
.#.# #.. . ...##
..###.# #.#
#..####.....
...##..#.§...##.#
#..#...§.#...#
#....e3§....# #
#.....#@..##...## ##
.....#.##..#.#..##
...## ##.#..%
.....##..# ##.
......###..####...#.
#..?#. .#.# #. .. ..
..#..# #..#. .
.###.# .. . ##. ##
#....# ..§ .. ## #..
.#.... ##. .#. . .


You could see a deep elf sorcerer and a smoke demon.

Vanquished Creatures
  2 hydras
  The ghost of Xixaub Eqygg the Grappler, a journeyman DrTm of Okawaru (Lair:1)
  Erolcha (D:10)
  A catoblepas (D:11)
  A centaur warrior (D:11)
  3 two-headed ogres
  A thrashing horror (Abyss:1)
  An unseen horror (D:10)
  Pikel (D:4)
  A cyclops (D:11)
  A black mamba (Lair:3)
  3 centaur skeletons
  A rime drake (Lair:3)
  3 spiny frogs
  A polar bear (Lair:3)
  2 trolls
  2 dream sheep (D:9)
  A wyvern (D:11)
  A shadow (D:11)
  26 yaks
  A basilisk (D:10)
  3 vampire mosquitoes (Lair:3)
  4 insubstantial wisps
  7 nagas (Lair:2)
  3 water moccasins
  6 porcupines
  7 orc warriors
  A hornet zombie (D:6)
  2 slaves (D:4)
  3 black bears
  2 ice beasts
  A necrophage (D:5)
  2 phantoms
  3 ogres
  A boggart (D:11)
  11 wolves
  5 centaurs
  5 crocodiles
  2 big kobolds (D:9)
  5 bullfrogs
  3 water moccasin zombies (Ossuary)
  2 scorpions
  4 killer bees (D:9)
  3 wights (D:11)
  A howler monkey (D:10)
  6 crimson imps
  A bullfrog zombie (D:9)
  A quasit (D:10)
  3 orc priests
  9 hounds
  13 orc wizards
  6 iguanas
  9 worker ants
  A big kobold zombie (Ossuary)
  A hound skeleton (D:4)
  2 mummies (Ossuary)
  A worker ant zombie (D:11)
  Robin (D:3)
  A howler monkey skeleton (D:5)
  20 adders
  A gnoll (D:2)
  2 river rats (D:6)
  An ooze (D:2)
  6 adder zombies
  An adder skeleton (D:8)
  3 worms
  2 dart slugs
  4 leopard geckos
  43 orcs
  A ball python (Sewer)
  8 giant cockroaches
  4 gnoll zombies (Ossuary)
  12 goblins
  9 hobgoblins
  24 jackals
  5 quokkas
  7 bats
  7 frilled lizards
  2 hobgoblin zombies (Ossuary)
  11 kobolds
  3 kobold zombies (Ossuary)
  A leopard gecko skeleton (D:5)
  A leopard gecko zombie (D:5)
  5 orc zombies (Ossuary)
  11 rats
  A fungus (Lair:2)
  3 plants (Sewer)
394 creatures vanquished.

Vanquished Creatures (collateral kills)
  A two-headed ogre (D:12)
  A yak (D:9)
  A sky beast (D:5)
  2 phantoms
  An ice beast (D:8)
  A centaur (D:11)
  A big kobold (D:9)
  A water moccasin zombie (D:7)
  2 howler monkeys
  A crimson imp (D:6)
  An orc priest (D:10)
  An orc wizard (D:10)
  Jessica (D:3)
  2 big kobold zombies (Ossuary)
  A worker ant zombie (D:8)
  A river rat (D:6)
  5 orcs
  A ball python (D:5)
  A fungus (D:9)
  2 plants (D:9)
28 creatures vanquished.

Vanquished Creatures (others)
  3 hexers
  An ancestor (D:4)
4 creatures vanquished.

Grand Total: 426 creatures vanquished

Notes
Turn   | Place    | Note
-------+----------+-------------------------------------------
     0 | D:1      | Mrkan the Minotaur Fighter began the quest for the Orb.
     0 | D:1      | Reached XP level 1. HP: 19/19 MP: 0/0
   121 | D:1      | Reached XP level 2. HP: 22/27 MP: 1/1
   712 | D:2      | Reached skill level 4 in Shields
   712 | D:2      | Reached XP level 3. HP: 30/33 MP: 2/2
   846 | D:2      | Reached XP level 4. HP: 38/40 MP: 3/3
  1688 | D:3      | Noticed Robin
  1696 | D:3      | Killed Robin
  1696 | D:3      | Reached XP level 5. HP: 43/47 MP: 4/4
  1811 | D:3      | Found a hazy altar of Hepliaklqana.
  1812 | D:3      | Found a basalt altar of Yredelemnul.
  1817 | D:3      | Found a glowing silver altar of Zin.
  1842 | D:3      | Became a worshipper of Hepliaklqana the Forgotten
  1934 | D:3      | Found a runed translucent door.
  1935 | D:3      | Noticed mrkaede's ghost (amateur GnSk)
  2151 | D:3      | Noticed Jessica
  2162 | D:3      | Killed Jessica
  2218 | D:4      | Noticed a phantom
  2295 | D:4      | Killed a phantom
  2295 | D:4      | Reached skill level 5 in Axes
  2295 | D:4      | Reached skill level 5 in Shields
  2295 | D:4      | Reached XP level 6. HP: 42/49 MP: 5/5
  2313 | D:4      | Found a sand-covered staircase.
  2390 | Ossuary  | Entered an ossuary
  2407 | Ossuary  | Reached skill level 5 in Fighting
  2407 | Ossuary  | Reached skill level 5 in Armour
  2507 | Ossuary  | Reached XP level 7. HP: 40/54 MP: 6/6
  2774 | D:4      | Noticed Pikel
  2781 | D:4      | Killed Pikel
  2781 | D:4      | Reached skill level 6 in Shields
  2781 | D:4      | Reached XP level 8. HP: 40/63 MP: 7/7
  2933 | D:4      | Reached * piety under Hepliaklqana
  3638 | D:4      | Got an ichor-stained spear
  3639 | D:4      | Identified the +10 spear "Vaoblav" {drain, +Fly MR+} (You
                  | found it on level 4 of the Dungeon)
  3692 | D:5      | Entered Level 5 of the Dungeon
  3704 | D:5      | Reached skill level 1 in Polearms
  3873 | D:5      | Reached skill level 7 in Shields
  4208 | D:6      | Reached ** piety under Hepliaklqana
  4226 | D:6      | Reached XP level 9. HP: 58/71 MP: 8/8
  4451 | D:6      | Remembered your ancestor Cipactli as a hexer
  4541 | D:6      | Reached skill level 5 in Polearms
  4544 | D:6      | Found a glowing drain.
  4560 | Sewer    | Entered a sewer
  5279 | D:7      | Found a staircase to the Ecumenical Temple.
  5317 | D:7      | Found a bloodstained altar of Trog.
  5990 | D:7      | Found a shadowy altar of Dithmenos.
  6158 | D:8      | Reached skill level 8 in Shields
  6200 | D:8      | Found a snail-covered altar of Cheibriados.
  6543 | D:9      | Reached *** piety under Hepliaklqana
  6762 | D:9      | Noticed a two-headed ogre
  6768 | D:9      | Killed a two-headed ogre
  6772 | D:9      | Reached XP level 10. HP: 61/81 MP: 9/9
  6796 | D:9      | Found a staircase to the Lair.
  7434 | D:9      | Noticed a two-headed hydra
  7446 | D:9      | Killed a two-headed hydra
  7446 | D:9      | Reached skill level 9 in Shields
  7934 | D:10     | Entered Level 10 of the Dungeon
  7948 | D:10     | Reached skill level 10 in Polearms
  8013 | D:10     | Reached XP level 11. HP: 79/89 MP: 10/10
  8049 | D:10     | Found a runed translucent gate.
  8050 | D:10     | Found a runed translucent gate.
  8051 | D:10     | Found a runed translucent gate.
  8053 | D:10     | Found an opulent altar of Gozag.
  8053 | D:10     | Noticed infcreate's ghost (journeyman DECj)
  8053 | D:10     | Noticed a centaur warrior
  8055 | D:10     | Noticed a glowing orange brain
  8117 | D:10     | Reached skill level 10 in Shields
  8119 | D:10     | Found a staircase to the Orcish Mines.
  8162 | D:10     | Reached skill level 10 in Fighting
  8177 | D:10     | Reached skill level 10 in Armour
  8270 | D:10     | Noticed a two-headed ogre
  8289 | D:10     | Killed a two-headed ogre
  8496 | D:10     | Noticed Erolcha
  8501 | D:10     | Killed Erolcha
  8544 | D:10     | Killed an unseen horror
  9048 | D:11     | Noticed a catoblepas
  9062 | D:11     | Killed a catoblepas
  9062 | D:11     | Reached skill level 11 in Shields
  9064 | D:11     | Noticed a centaur warrior
  9074 | D:11     | Killed a centaur warrior
  9351 | D:11     | Reached **** piety under Hepliaklqana
  9460 | D:11     | Noticed a two-headed ogre
  9467 | D:11     | Killed a two-headed ogre
  9789 | D:12     | Noticed a two-headed ogre
  9807 | D:12     | Killed a two-headed ogre
  9807 | D:12     | Reached XP level 12. HP: 99/99 MP: 11/11
  9889 | Lair:1   | Entered Level 1 of the Lair of Beasts
  9958 | Lair:1   | Found a runed translucent door.
 10041 | Lair:1   | Reached skill level 12 in Shields
 10820 | Lair:1   | Noticed Xixaub Eqygg's ghost (journeyman DrTm)
 10850 | Lair:1   | Killed Xixaub Eqygg's ghost
 11125 | Lair:2   | Reached ***** piety under Hepliaklqana
 11356 | Lair:2   | Noticed a seven-headed hydra
 11368 | Lair:2   | Killed a seven-headed hydra
 11368 | Lair:2   | Reached skill level 13 in Shields
 11484 | Lair:2   | Found a staircase to the Snake Pit.
 12333 | Lair:3   | Noticed Sonja
 12864 | Lair:3   | Cast into level 1 of the Abyss (Sonja)
 12894 | Abyss:1  | Noticed a deep elf sorcerer
 12897 | Abyss:1  | HP: 4/101 [deep elf sorcerer/bolt of acid (21)]
 12897 | Abyss:1  | Splashed by a deep elf sorcerer's acid

Levels and vault maps discovered:
D:1:      evilmike_arrival_crescent, layout_loops_ring
D:2:      wad_river_or_something, layout_basic
D:3:      layout_rooms, grunt_temple_overflow_open, gammafunk_ghost_grave,
          minmay_misc_feat_doors, uniq_crazy_yiuf_cottage, uniq_robin,
          uniq_jessica
D:4:      layout_basic, chequers_ossuary_entry_cave,
          kennysheep_cross_bottleneck, uniq_pikel
D:5:      layout_rooms, first_ration
D:6:      layout_basic, portal_sewer_entry_b, minmay_stone_trees_medium
D:7:      layout_gridville, marbit_many_paths, nicolae_overflow_crystal_walls,
          minmay_temple_entry_mini_moons, minmay_misc_feat_columns
D:8:      layout_rooms, lemuel_doored_altar
D:9:      layout_roguey, grunt_lair_entry_orc_guard_hut, hangedman_ranch
          [blue_anna_fruit_fields]
D:10:     layout_roguey, hiddenorc2_lemuel, ebering_ghost_gozag, uniq_erolcha
D:11:     layout_loops_corners, minmay_radiant
D:12:     layout_irregular_city, serial_shops, shop_statue
Lair:1:   layout_gridlike, ebering_ghost_reflecting_pool
Lair:2:   layout_layer_cave, minmay_snake_entry_guardpost_large
Lair:3:   layout_regular_city, pond, grunt_megastairs_2, uniq_sonja
Abyss:1:  base:
D:2

Skill      XL: |  1  2  3  4  5  6  7  8  9 10 11 12 |
---------------+-------------------------------------+-----
Axes           | 3 4 5 6 7 |  7.9
Armour         | 4 5 6 7 8 9 11 12 | 12.7
Shields        | 4 5 6 7 8 9 11 13 | 13.9
Fighting       | 4 5 6 7 8 9 11 12 | 12.8
Polearms       | 4 7 10 11 | 11.2

Action                   |  1- 3 |  4- 6 |  7- 9 | 10-12 || total
-------------------------+-------+-------+-------+-------++-------
Melee: War axe           |    71 |   166 |    60 |       ||   297
       Headbutt          |    10 |    37 |    66 |   144 ||   257
       Spear             |       |       |   279 |   672 ||   951
Invok: Ancestor Identity |       |     1 |       |       ||     1
       Ancestor Life: He |       |       |     1 |       ||     1
  Use: Scroll            |       |       |       |    23 ||    23
 Stab: Confused          |       |       |     1 |     2 ||     3
       Distracted        |       |       |     1 |     1 ||     2
  Eat: Chunk             |       |     4 |     8 |    18 ||    30
       Ration            |       |       |     2 |     1 ||     3
Armor: Scale mail        |    39 |    80 |    85 |     2 ||   206
       Plate armour      |       |       |       |   277 ||   277
Dodge: Dodged            |    23 |    48 |    58 |   111 ||   240
Block: Shield            |    49 |   101 |   158 |   369 ||   677
